 Dungeon Crawl Stone Soup version 0.31-a0-654-gbe3e110b4e (webtiles) character file.

Game seed: 3377500811026990673

16287 inmateoo the Thaumaturge (level 12, -1/91 HPs)
             Began as a Gnoll Earth Elementalist on Aug 29, 2023.
             Was an Initiate of Gozag.
             Slain by a skeletal warrior
             ... wielding a +0 long sword
              (17 damage)
             ... on level 12 of the Dungeon.
             The game lasted 00:12:15 (10603 turns).

inmateoo the Thaumaturge (GnEE)                    Turns: 10603, Time: 00:12:16

Health: -1/91      AC: 20    Str: 11    XL:     12   Next: 35%
Magic:  5/25       EV: 15    Int: 19    God:    Gozag
Gold:   2248       SH:  0    Dex: 13    Spells: 16/29 levels left

rFire   + . .        J - +10 flail "Xishreuh" {freeze, +Blink rPois Will+ rCorr}
rCold   . . .        F - sphere of Battle
rNeg    . . .        r - +6 leather armour of the Vacuum {*Corrode rElec Str+3 SInv}
rPois   +            (no helmet)
rElec   +            E - +2 cloak
rCorr   +            s - +1 pair of gloves
SInv    +            u - +0 pair of boots
Will    +....        a - amulet of magic regeneration
Stlth   ++++         k - +4 ring of protection
HPRegen 0.35/turn    q - ring of protection from fire
MPRegen 0.59/turn

%: corrode self (3%)
@: studying Unarmed Combat
A: fangs 1, strong nose, distributed training
a: Renounce Religion, Evoke Blink, Potion Petition, Call Merchant, Bribe Branch


You were on level 12 of the Dungeon.
You worshipped Gozag.
Gozag was most pleased with you.
You visited 2 branches of the dungeon, and saw 13 of its levels.
You also visited: Ossuary.

You collected 2400 gold pieces.
You paid 152 gold pieces to Gozag.

Inventory:

Hand Weapons
 D - a +5 heavy quarterstaff
 J - the +10 flail "Xishreuh" (weapon) {freeze, +Blink rPois Will+ rCorr}
   (You took it off an orc warrior on level 9 of the Dungeon)

   rPois:     It protects you from poison Will+: It increases your willpower.
   +Blink:    It lets you blink.
   rCorr:     It protects you from acid and corrosion.
Missiles
 K - 2 curare-tipped darts
Armour
 r - the +6 leather armour of the Vacuum (worn) {*Corrode rElec Str+3 SInv}
   (You found it on level 3 of the Dungeon)

   Str+3:     It affects your strength (+3).
   rElec:     It insulates you from electricity.
   SInv:      It lets you see invisible.
   *Corrode:  It may corrode you when you take damage.
 s - a +1 pair of gloves (worn)
 u - a +0 pair of boots (worn)
 E - a +2 cloak (worn)
 F - the sphere of Battle (worn)
   (You found it on level 10 of the Dungeon)

   Battle:    It summons a battlesphere in combat, with strength depending on
   Conjurations skill.
   Destructive: It enhances your destructive magic, and weakens non-destructive
   magic.
Magical Staves
 Q - a staff of earth
Jewellery
 a - an amulet of magic regeneration (around neck)
 k - a +4 ring of protection (left hand)
 l - a ring of poison resistance
 n - a ring of see invisible
 q - a ring of protection from fire (right hand)
 t - a ring of willpower
 M - a ring of protection from fire
 P - a ring of wizardry
Wands
 v - a wand of mindburst (11)
 A - a wand of iceblast (8)
 I - a wand of digging (7)
Scrolls
 j - 3 scrolls of fog
 y - 2 scrolls of silence
 z - a scroll of poison
 B - 2 scrolls of amnesia
 G - 3 scrolls of blinking {unknown}
 H - a scroll of fear
 N - a scroll of revelation
 O - a scroll of enchant weapon
 R - a scroll of immolation {unknown}
Potions
 b - 2 potions of magic
 c - 4 potions of curing
 d - 4 potions of haste
 e - 3 potions of might
 f - 3 potions of lignification
 g - 2 potions of ambrosia
 h - 6 potions of heal wounds
 i - a potion of berserk rage
 o - 4 potions of mutation
 p - 5 potions of brilliance
 w - 3 potions of attraction
 x - 2 potions of invisibility
 C - 2 potions of resistance
 L - a potion of enlightenment


   Skills:
 + Level 7.3 Fighting
 + Level 7.3 Short Blades
 + Level 7.3 Long Blades
 + Level 7.3 Axes
 + Level 7.3 Maces & Flails
 + Level 7.3 Polearms
 + Level 7.3 Staves
 + Level 7.3 Ranged Weapons
 + Level 7.3 Throwing
 + Level 7.3 Armour
 + Level 8.7 Dodging
 + Level 8.5 Stealth
 + Level 7.3 Shields
 + Level 8.0 Unarmed Combat
 + Level 9.0 Spellcasting
 + Level 6.1 Conjurations
 + Level 6.1 Hexes
 + Level 6.1 Summonings
 + Level 6.1 Necromancy
 + Level 6.1 Translocations
 + Level 6.5 Transmutations
 + Level 6.1 Fire Magic
 + Level 6.1 Ice Magic
 + Level 6.1 Air Magic
 + Level 8.3 Earth Magic
 + Level 6.1 Poison Magic
 + Level 8.0 Invocations
 + Level 7.3 Evocations
 + Level 6.7 Shapeshifting


You had 16 spell levels left.
You knew the following spells:

 Your Spells              Type           Power      Damage    Failure   Level
a - Sandblast             Erth           100%       2d20      1%          1
b - Passwall              Tmut/Erth      15%        N/A       1%          2
c - Stone Arrow           Conj/Erth      100%       3d13      1%          3
d - Petrify               Tmut/Erth      18%        N/A       4%          4
e - Tukima's Dance        Hex            15%        N/A       2%          3

Your spell library contained the following spells:

 Spells                   Type           Power      Damage    Failure   Level
 Portal Projectile        Hex/Tloc       30%        N/A       2%          3
 Anguish                  Hex/Necr       7%         N/A       9%          4
 Cause Fear               Hex            7%         N/A       9%          4
 Iskenderun's Mystic Bla  Conj/Tloc      47%        2d10      9%          4
 Vhi's Electric Charge    Tloc/Air       30%        N/A       9%          4
 Arcjolt                  Conj/Air       23%        1d33      24%         5
 Plasma Beam              Fire/Air       23%        2x1d35    78%         6
 Enfeeble                 Hex            7%         N/A       100%        7
 Haunt                    Necr/Summ      7%         N/A       100%        7
 Infestation              Necr           7%         N/A       100%        8
 Animate Dead             Necr           Unusable   N/A       N/A         4

Dungeon Overview and Level Annotations

Branches:
Dungeon (12/15)            Temple (1/1) D:5            Lair (0/5) D:9
    Orc (0/2) D:10        Ossuary (visited)

Altars:
Ashenzari
Cheibriados
Dithmenos
Elyvilon
Fedhas
Gozag
Hepliaklqana
Kikubaaqudgha
Makhleb
Nemelex Xobeh
Okawaru
Qazlal
Ru
Sif Muna
Trog
Uskayaw
Vehumet
Wu Jian
Xom
Yredelemnul
Zin
The Shining One

Shops:
D:1 (

Annotations:
D:9 3 runed translucent doors, Arcadio's ghost, journeyman DjNe


Innate Abilities, Weirdness & Mutations

You have very sharp teeth.
Your uncanny sense of smell can sniff out nearby items.
Your experience applies equally to all skills.


Message History

Confirm with . or Enter, or press ? or * to list all spells.
Aiming: Stone Arrow (safe; 1% risk of failure)
Press: ? - help, Shift-Dir - straight line, f/p - skeletal warrior
Aim: a skeletal warrior, wielding a +0 long sword (moderately damaged, ally target, 78% to hit)
You feel a surge of power!
The stone arrow hits the skeletal warrior!!
The skeletal warrior is heavily damaged.
Your battlesphere fires!
The barrage of energy hits the skeletal warrior!
The skeletal warrior is severely damaged.
The skeletal warrior hits your battlesphere with a +0 long sword!!
Your battlesphere is destroyed!
Casting: Stone Arrow (safe; 1% risk of failure)
Confirm with . or Enter, or press ? or * to list all spells.
Aiming: Stone Arrow (safe; 1% risk of failure)
Press: ? - help, Shift-Dir - straight line, f/p - skeletal warrior
Aim: a skeletal warrior, wielding a +0 long sword (severely damaged, 78% to hit)
You feel a surge of power!
The stone arrow misses the skeletal warrior.
You conjure a globe of magical energy.
Casting: Stone Arrow (safe; 1% risk of failure)
Confirm with . or Enter, or press ? or * to list all spells.
Aiming: Sandblast (safe; 1% risk of failure)
Press: ? - help, Shift-Dir - straight line, f/p - skeletal warrior
Aim: a skeletal warrior, wielding a +0 long sword (magical condensation, severely damaged, 85% to hit)
You feel a surge of power!
The blast of sand hits the skeletal warrior.
The skeletal warrior is severely damaged.
You are too injured to fight recklessly!
You barely miss the skeletal warrior.
You bite the skeletal warrior, but do no damage.
The skeletal warrior is severely damaged.
The skeletal warrior hits you with a +0 long sword!
* * * LOW HITPOINT WARNING * * *
You are too injured to fight recklessly!
You hit the skeletal warrior but do no damage.
The skeletal warrior is severely damaged.
The skeletal warrior hits you with a +0 long sword!
You die...
Your body crumbles into a pile of gold.

######## #......# ##.... ..z....#
#......# #.... ######.#
..###......# ###.. #.#
#..........### #..# ######.#
.............## #.## ###.##$#
#######'####|.#######.# #...##$#
#.##.........##.# ....##.#
#.##....####.##.# ....##$#####
#@##....# #.##.# #...'..z...#
#z##....####.#..##
#...##.##.######*##....#.........
'...##.#.........##....#.###..###
#...##.#..#########....#)# #.>...
#......#..# #....#)# ######
..######### #)# ......... #)#
#..###### #.#


You could see a skeletal warrior and a friendly battlesphere.

Vanquished Creatures
  Jorgrun (D:12)
  3 skeletal warriors (D:12)
  A cyclops (D:11)
  A gargoyle (D:12)
  2 unseen horrors
  2 tengu conjurers (D:10)
  A shadow (D:11)
  28 yaks
  2 wraiths
  A human (shapeshifter) (D:6)
  15 vampire mosquitoes
  Edmund (D:4)
  2 swamp worms (D:9)
  Duvessa (D:6)
  A water moccasin (D:6)
  A sky beast (D:6)
  7 orc warriors
  2 black bears (D:6)
  3 ogres
  8 centaurs
  3 kobold brigands
  A phantom (D:6)
  4 bullfrogs
  A scorpion (D:5)
  2 gnoll sergeants
  Dowan (D:6)
  10 killer bees
  3 howler monkeys (D:9)
  7 electric eels (D:7)
  2 hounds
  2 jellies
  8 orc priests
  A gnoll bouda (D:8)
  Crazy Yiuf (D:4)
  2 iguanas
  2 sleepcaps
  9 orc wizards
  9 mummies
  10 gnolls
  6 adders
  A shadow imp (D:4)
  3 white imps
  2 worms
  A dart slug (D:4)
  46 orcs
  6 ball pythons
  4 bats
  6 endoplasms
  2 giant cockroaches (D:1)
  4 goblins
  9 hobgoblins
  2 jackals (D:1)
  26 kobolds
  5 quokkas
  2 frilled lizards
  2 hobgoblin zombies (Ossuary)
  A kobold zombie (Ossuary)
  5 orc zombies (Ossuary)
  5 rats
299 creatures vanquished.

Vanquished Creatures (others)
  Sigmund (D:6)
  A dancing weapon (D:10)
2 creatures vanquished.

Grand Total: 301 creatures vanquished

Notes
Turn   | Place    | Note
-------+----------+-------------------------------------------
     0 | D:1      | inmateoo the Gnoll Earth Elementalist began the quest for
                  | the Orb.
     0 | D:1      | Reached XP level 1. HP: 13/13 MP: 6/6
    82 | D:1      | Reached XP level 2. HP: 19/19 MP: 4/7
   106 | D:1      | Found Tuvaehak's Antique Weapon Shoppe.
   391 | D:1      | Reached skill level 5 in Spellcasting
   391 | D:1      | Reached XP level 3. HP: 25/25 MP: 6/9
   705 | D:1      | Learned a level 2 spell: Passwall
   709 | D:1      | Learned a level 3 spell: Stone Arrow
   743 | D:2      | Reached skill level 1 in Invocations
  1456 | D:2      | Reached skill level 1 in Fighting
  1456 | D:2      | Reached skill level 1 in Short Blades
  1456 | D:2      | Reached skill level 1 in Long Blades
  1456 | D:2      | Reached skill level 1 in Axes
  1456 | D:2      | Reached skill level 1 in Maces & Flails
  1456 | D:2      | Reached skill level 1 in Polearms
  1456 | D:2      | Reached skill level 1 in Staves
  1456 | D:2      | Reached skill level 1 in Ranged Weapons
  1456 | D:2      | Reached skill level 1 in Throwing
  1456 | D:2      | Reached skill level 1 in Armour
  1456 | D:2      | Reached skill level 1 in Shields
  1456 | D:2      | Reached skill level 1 in Unarmed Combat
  1456 | D:2      | Reached skill level 1 in Evocations
  1678 | D:3      | Reached skill level 1 in Shapeshifting
  1678 | D:3      | Reached XP level 4. HP: 32/32 MP: 9/11
  1753 | D:3      | Reached skill level 1 in Conjurations
  1753 | D:3      | Reached skill level 1 in Hexes
  1753 | D:3      | Reached skill level 1 in Summonings
  1753 | D:3      | Reached skill level 1 in Necromancy
  1753 | D:3      | Reached skill level 1 in Translocations
  1753 | D:3      | Reached skill level 1 in Fire Magic
  1753 | D:3      | Reached skill level 1 in Ice Magic
  1753 | D:3      | Reached skill level 1 in Air Magic
  1753 | D:3      | Reached skill level 1 in Poison Magic
  1756 | D:3      | Reached XP level 5. HP: 35/37 MP: 8/12
  1907 | D:3      | Identified the +6 leather armour of the Vacuum {*Corrode
                  | rElec Str+3 SInv}
  2397 | D:4      | Noticed Edmund
  2428 | D:4      | Killed Edmund
  2429 | D:4      | Reached XP level 6. HP: 11/44 MP: 4/14
  2475 | D:4      | Reached skill level 5 in Dodging
  2537 | D:4      | Identified a scroll of acquirement
  2537 | D:4      | Acquired a ring of protection from fire
  2566 | D:4      | Found a sand-covered staircase.
  2575 | Ossuary  | Entered an ossuary
  2863 | D:4      | Reached XP level 7. HP: 50/50 MP: 15/15
  2968 | D:4      | Found a runed translucent door.
  2969 | D:4      | Noticed Crazy Yiuf
  3316 | D:4      | Killed Crazy Yiuf
  3434 | D:5      | Entered Level 5 of the Dungeon
  3492 | D:5      | Reached skill level 5 in Stealth
  3702 | D:5      | Reached XP level 8. HP: 57/57 MP: 16/16
  3757 | D:5      | Found a staircase to the Ecumenical Temple.
  4024 | Temple   | Entered the Ecumenical Temple
  4038 | Temple   | Became a worshipper of Gozag Ym Sagoz the Greedy
  4103 | D:6      | Found a blossoming altar of Fedhas.
  4103 | D:6      | Noticed Sigmund
  4108 | D:6      | Killed Sigmund
  4118 | D:6      | Found a sacrificial altar of Ru.
  4118 | D:6      | Found a sparkling altar of Nemelex Xobeh.
  4174 | D:6      | Reached skill level 6 in Spellcasting
  4229 | D:6      | Found a hide-covered altar of Uskayaw.
  4229 | D:6      | Found a hazy altar of Hepliaklqana.
  4273 | D:6      | Learned a level 4 spell: Petrify
  4290 | D:6      | Noticed Duvessa
  4291 | D:6      | Noticed Dowan
  4303 | D:6      | Killed Duvessa
  4309 | D:6      | Killed Dowan
  4483 | D:6      | Reached XP level 9. HP: 65/65 MP: 18/18
  6089 | D:8      | Reached skill level 5 in Invocations
  6212 | D:8      | Reached skill level 7 in Spellcasting
  6747 | D:7      | Reached XP level 10. HP: 57/73 MP: 20/20
  6787 | D:8      | Reached skill level 5 in Fighting
  6787 | D:8      | Reached skill level 5 in Short Blades
  6787 | D:8      | Reached skill level 5 in Long Blades
  6787 | D:8      | Reached skill level 5 in Axes
  6787 | D:8      | Reached skill level 5 in Maces & Flails
  6787 | D:8      | Reached skill level 5 in Polearms
  6787 | D:8      | Reached skill level 5 in Staves
  6787 | D:8      | Reached skill level 5 in Ranged Weapons
  6787 | D:8      | Reached skill level 5 in Throwing
  6787 | D:8      | Reached skill level 5 in Armour
  6787 | D:8      | Reached skill level 5 in Shields
  6787 | D:8      | Reached skill level 5 in Unarmed Combat
  6787 | D:8      | Reached skill level 5 in Evocations
  7353 | D:9      | Found a staircase to the Lair.
  7400 | D:9      | Found a runed translucent gate.
  7401 | D:9      | Found a runed translucent gate.
  7402 | D:9      | Found a runed translucent gate.
  7404 | D:9      | Noticed Arcadio's ghost (journeyman DjNe)
  7404 | D:9      | Noticed a kobold demonologist
  7406 | D:9      | Noticed a kobold demonologist
  7409 | D:9      | Noticed a kobold demonologist
  7489 | D:9      | Reached skill level 5 in Transmutations
  7535 | D:9      | Identified the +10 flail "Xishreuh" {freeze, +Blink rPois
                  | Will+ rCorr}
  7781 | D:9      | Reached skill level 5 in Shapeshifting
  8150 | D:10     | Entered Level 10 of the Dungeon
  8392 | D:10     | Reached XP level 11. HP: 81/81 MP: 22/22
  8404 | D:10     | Reached skill level 5 in Conjurations
  8404 | D:10     | Reached skill level 5 in Hexes
  8404 | D:10     | Reached skill level 5 in Summonings
  8404 | D:10     | Reached skill level 5 in Necromancy
  8404 | D:10     | Reached skill level 5 in Translocations
  8404 | D:10     | Reached skill level 5 in Fire Magic
  8404 | D:10     | Reached skill level 5 in Ice Magic
  8404 | D:10     | Reached skill level 5 in Air Magic
  8404 | D:10     | Reached skill level 5 in Poison Magic
  8435 | D:10     | Learned a level 3 spell: Tukima's Dance
  8464 | D:10     | Found a staircase to the Orcish Mines.
  8473 | D:10     | Reached skill level 8 in Spellcasting
  9095 | D:10     | Found the sphere of Battle
  9355 | D:11     | Noticed a cyclops
  9361 | D:11     | Killed a cyclops
 10155 | D:12     | Identified the +4 scale mail of the Constellations {Harm}
 10221 | D:12     | Reached XP level 12. HP: 87/89 MP: 24/24
 10249 | D:12     | Noticed Jorgrun
 10261 | D:12     | Killed Jorgrun
 10477 | D:12     | Found a broken altar of Ashenzari.
 10579 | D:12     | Reached skill level 9 in Spellcasting
 10603 | D:12     | Slain by a skeletal warrior

Illustrated notes

Levels and vault maps discovered:
D:1:      evilmike_arrival_crescent, layout_loops_ring, serial_shops, shop,
          kennysheep_doodads
D:2:      layout_basic
D:3:      layout_basic
D:4:      cheibrodos_quashed, layout_rooms, gup_ossuary_entry_pyramid,
          uniq_edmund, uniq_crazy_yiuf_cottage
D:5:      layout_cave_pools, minmay_temple_entry_fiery
D:6:      layout_loops_ring, minitemple, gammafunk_temple_overflow_statue,
          uniq_sigmund, uniq_duvessa
D:7:      layout_basic, serial_bayou, serial_bayou_crossing,
          serial_bayou_lake_a, serial_bayou_pond_a, serial_bayou_lagoon_a
D:8:      layout_cave_pools, minmay_hedge_maze
D:9:      layout_basic, lair_entry_dummy, gammafunk_ghost_nasty_kobolds,
          worms_lemuel
D:10:     layout_roguey, david_orc_5, hellmonk_guarded_unrand_sphere_of_battle
D:11:     layout_roguey
D:12:     layout_basic, nicolae_ashenzari_skybound, uniq_jorgrun
Temple:   minmay_crystal_spiral_temple

Skill      XL: |  1  2  3  4  5  6  7  8  9 10 11 12 |
---------------+-------------------------------------+-----
Transmutations | 2 3 4 5 6 |  6.5
Spellcasting   | 5 6 7 8 9 |  9.0
Invocations    | 1 2 3 4 5 6 7 8 |  8.0
Fighting       | 1 2 3 4 5 6 7 |  7.3
Short Blades   | 1 2 3 4 5 6 7 |  7.3
Long Blades    | 1 2 3 4 5 6 7 |  7.3
Axes           | 1 2 3 4 5 6 7 |  7.3
Maces & Flails | 1 2 3 4 5 6 7 |  7.3
Polearms       | 1 2 3 4 5 6 7 |  7.3
Staves         | 1 2 3 4 5 6 7 |  7.3
Ranged Weapons | 1 2 3 4 5 6 7 |  7.3
Throwing       | 1 2 3 4 5 6 7 |  7.3
Armour         | 1 2 3 4 5 6 7 |  7.3
Shields        | 1 2 3 4 5 6 7 |  7.3
Unarmed Combat | 1 2 3 4 5 7 8 |  8.0
Evocations     | 1 2 3 4 5 6 7 |  7.3
Shapeshifting  | 1 2 3 4 5 6 |  6.7
Conjurations   | 1 2 3 4 5 6 |  6.1
Hexes          | 1 2 3 4 5 6 |  6.1
Summonings     | 1 2 3 4 5 6 |  6.1
Necromancy     | 1 2 3 4 5 6 |  6.1
Translocations | 1 2 3 4 5 6 |  6.1
Fire Magic     | 1 2 3 4 5 6 |  6.1
Ice Magic      | 1 2 3 4 5 6 |  6.1
Air Magic      | 1 2 3 4 5 6 |  6.1
Poison Magic   | 1 2 3 4 5 6 |  6.1
Dodging        | 5 6 7 8 |  8.7
Stealth        | 5 6 7 8 |  8.5
Earth Magic    | 6 7 8 |  8.3

Action                     |  1- 3 |  4- 6 |  7- 9 | 10-12 || total
---------------------------+-------+-------+-------+-------++-------
  Melee: Unarmed           |     5 |       |       |       ||     5
         Bite              |     1 |     3 |    16 |    10 ||    30
         Flail             |       |    26 |    11 |    84 ||   121
         Short sword       |       |       |    24 |       ||    24
         Quarterstaff      |       |       |    94 |     5 ||    99
         Punch             |       |       |     1 |     4 ||     5
  Throw: Javelin           |       |     2 |       |     8 ||    10
   Cast: Sandblast         |    53 |    74 |   153 |   273 ||   553
         Stone Arrow       |       |     1 |       |    13 ||    14
         Tukima's Dance    |       |       |       |     4 ||     4
         Petrify           |       |       |       |     1 ||     1
    Use: Scroll            |       |     4 |    14 |     9 ||    27
         Potion            |       |       |     1 |       ||     1
   Stab: Sleeping          |       |       |     7 |     1 ||     8
         Petrified         |       |       |     2 |     5 ||     7
 Armour: Robe              |     4 |     4 |       |       ||     8
         Leather armour    |       |    23 |   146 |   184 ||   353
  Dodge: Dodged            |    14 |    47 |   242 |   252 ||   555

Table legend: (Time is in decaauts)
 A = Elapsed time spent in this place.
 B = Non-inter-level travel time spent in this place.
 C = Inter-level travel time spent in this place.
 D = Time resting spent in this place.
 E = Time spent auto-exploring this place.
 F = Levels seen in this place.
 G = Mean time per level.
                   A        B        C        D        E       F      G
               +--------+--------+--------+--------+--------+-----+--------+
         Total |  10956 |  10659 |    297 |   1472 |   6675 |  14 |  782.6 |
       Dungeon |  10687 |  10415 |    272 |   1440 |   6568 |  12 |  890.6 |
        Temple |     27 |      3 |     24 |      0 |      0 |   1 |   27.0 |
       Ossuary |    240 |    240 |      0 |     32 |    107 |   1 |  240.0 |
               +--------+--------+--------+--------+--------+-----+--------+

Top non-repeatable levels by time:
     D:7: 1451 daAuts
     D:9: 1263 daAuts
    D:10: 1183 daAuts
     D:2: 975 daAuts
     D:4: 866 daAuts
     D:8: 772 daAuts
    D:11: 763 daAuts
     D:6: 748 daAuts
     D:1: 725 daAuts
     D:3: 706 daAuts
     D:5: 627 daAuts
    D:12: 603 daAuts
 Ossuary: 240 daAuts
  Temple: 27 daAuts
